 Dungeon Crawl Stone Soup version 0.17.1-2-g5865329 (webtiles) character file.

98 ololoev the Chopper (level 4, 0/35 HPs)
             Began as a Demonspawn Berserker on Jan 21, 2016.
             Was a Believer of Trog.
             Slain by namelastname112's ghost (3 damage)
             ... in a sewer.
             The game lasted 00:04:07 (582 turns).

ololoev the Chopper (Demonspawn Berserker)           Turns: 582, Time: 00:04:07

Health: 0/35       AC:  3    Str: 18    XL:     4   Next: 43%
Magic:  4/4        EV: 12    Int:  9    God:    Trog [**....]
Gold:   78         SH:  0    Dex: 12    Spells: 0 memorised, 3 levels left

rFire  . . .     SeeInvis .     a - +0 war axe
rCold  . . .     Clarity  .     b - +0 animal skin
rNeg   . . .     SustAt   .     (no shield)
rPois  .         Gourm    .     (no helmet)
rElec  .         Spirit   .     (no cloak)
rCorr  .         Warding  .     (no gloves)
rMut   .         Stasis   .     (no boots)
MR     ++...                    (no amulet)
Stlth  +.........               (no ring)
                                (no ring)

@: regenerating, very resistant to hostile enchantments, very unstealthy
A: hooves 1, molten scales 1
a: Berserk, Trog's Hand, Burn Spellbooks, Renounce Religion


Innate Abilities, Weirdness & Mutations

You have large cloven feet.
You are partially covered in molten scales (AC +1).

Inventory:

Hand Weapons
 a - a +0 war axe (weapon)
Armour
 b - a +0 animal skin (worn)
Jewellery
 f - an uncursed ring of fire
Wands
 i - a wand of lightning (6)
Scrolls
 d - 2 scrolls of identify {unknown}
 e - a scroll of amnesia {unknown}
Potions
 h - a potion of heal wounds {unknown}
Comestibles
 c - 2 bread rations
 g - a slice of pizza


   Skills:
 - Level 3.0 Fighting
 * Level 4.2 Axes
 + Level 2.8 Armour
 - Level 1.7 Dodging


You had 3 spell levels left.
You didn't know any spells.
You were in a sewer. You worshipped Trog. Trog was pleased with you. You were hungry. You visited 1 branch of the dungeon, and saw 3 of its levels. You also visited: Sewer. You collected 78 gold pieces. ################################ ≈≈≈≈≈≈≈≈≈≈≈≈≈≈≈W@≈......÷†∩....# ################################

Notes
Turn   | Place    | Note
--------------------------------------------------------------
     0 | D:1      | ololoev the Demonspawn Berserker began the quest for the Orb.
     0 | D:1      | Reached XP level 1. HP: 18/18 MP: 1/1
   325 | D:3      | Gained mutation: You have large cloven feet. [demonic ancestry]
   325 | D:3      | Reached XP level 2. HP: 24/24 MP: 2/2
   429 | D:3      | Noticed an orc priest
   440 | D:3      | Killed an orc priest
   440 | D:3      | Reached ** piety under Trog
   440 | D:3      | Gained mutation: You are partially covered in molten scales (AC +1). [demonic ancestry]
   440 | D:3      | Reached XP level 3. HP: 4/29 MP: 3/3
   493 | D:3      | Reached XP level 4. HP: 16/35 MP: 4/4
   501 | D:3      | Found a glowing drain.
   505 | Sewer    | Entered a sewer
   510 | Sewer    | Reached skill level 4 in Axes
   564 | Sewer    | Noticed namelastname112's ghost (weakling VSIE)
   581 | Sewer    | HP: 1/35 [namelastname112's ghost/Freeze (9)]
   582 | Sewer    | Slain by namelastname112's ghost

Dungeon Overview and Level Annotations

Branches:
Dungeon (3/15)

Altars:

Annotations:
Sewer namelastname112's ghost, weakling VSIE


Message History

You swing at nothing.
You swing at nothing.
You swing at nothing.
You swing at nothing.
a - a +0 war axe (weapon)
You enter the shallow water.
Moving in this stuff is going to be slow.
You feel less exhausted.
Namelastname112's ghost (weakling Vine Stalker Ice Elementalist) comes into view.
Namelastname112's ghost turns its malevolent gaze towards you.
Namelastname112's ghost shouts, "To die, to sleep, no more."
Namelastname112's ghost closely misses you.
Namelastname112's ghost hits you.
Namelastname112's ghost closely misses you.
Namelastname112's ghost hits you. Namelastname112's ghost hits you.
Namelastname112's ghost closely misses you.
Namelastname112's ghost points at you and mumbles some strange words.
You are frozen.
Namelastname112's ghost gestures at you while chanting.
You are frozen.
Namelastname112's ghost hits you.
Press: ? - help, v - describe, . - travel
Here: namelastname112's ghost Some shallow water.
Unknown command.
Press: ? - help, v - describe, . - travel
Here: namelastname112's ghost Some shallow water.
Use which ability? (? or * to list)
Your skin crawls.
You feel resistant to hostile enchantments.
You are feeling hungry.
Namelastname112's ghost whispers, "Everlasting silence awaits you..."
Namelastname112's ghost gestures at you while chanting.
You are frozen.
Namelastname112's ghost casts a spell at you.
You are frozen.
Namelastname112's ghost hits you.
You die...

You could see namelastname112's ghost.

Vanquished Creatures
  An orc priest (D:3)
  3 river rats (Sewer)
  6 orcs (D:3)
  2 goblins
  3 hobgoblins
  3 jackals (D:3)
  A quokka (D:3)
  6 bats
  3 giant cockroaches (D:3)
  A giant newt (D:3)
  A kobold (D:1)
  6 rats
36 creatures vanquished.

Action                   |  1- 3 |  4- 6 || total
-------------------------+-------+-------++-------
Melee: Hand axe          |    41 |       ||    41
       War axe           |    15 |     5 ||    20
Invok: Berserk           |     1 |     1 ||     2
       Trog's Hand       |     2 |     1 ||     3
 Stab: Sleeping          |     2 |       ||     2
  Eat: Chunk             |       |     1 ||     1

Vault maps used:
D:1:      lightli_arrival_maybe_door_vault, tso_altar
D:2:      patterned_corridor
D:3:      first_bread, gup_sewer_entry_bowl
Sewer:    sewer_kobolds
